 Dungeon Crawl Stone Soup version 0.30-a0-1070-gd49b78fada (webtiles) character file.

Game seed: 17168419685620122562

7848 DryNick the Covert (level 11, -3/55 HPs)
             Began as a Spriggan Earth Elementalist on Apr 13, 2023.
             Was a Believer of Sif Muna.
             Slain by a +0 flail of chaos (18 damage)
             ... on level 9 of the Dungeon.
             The game lasted 00:40:13 (10788 turns).

DryNick the Covert (Spriggan Earth Elementalist)   Turns: 10788, Time: 00:40:13

Health: -3/55      AC:  2    Str:  4    XL:     11   Next: 2%
Magic:  17/23      EV: 42    Int: 26    God:    Sif Muna [**....]
Gold:   443        SH:  0    Dex: 17    Spells: 20/25 levels left

rFire   + . .      SeeInvis +    q - +3 dagger (venom)
rCold   . . .      Faith    .    (no shield)
rNeg    . . .      Spirit   .    H - +0 robe {rF+}
rPois   .          Reflect  .    (helmet restricted)
rElec   .          Rampage  .    (no cloak)
rCorr   +                        (gloves unavailable)
Will    ++...                    (boots unavailable)
Stlth   ++++++                   f - amulet of the acrobat
HPRegen 0.29/turn                e - +5 ring of evasion
MPRegen 0.18/turn                m - ring "Ygiet" {Will+ rCorr Int+6 Stlth+}

@: acrobatic, very quick
A: very small, no large weapons, unfitting armour, see invisible, speed 3
a: Renounce Religion, Channel Magic


You were on level 9 of the Dungeon.
You worshipped Sif Muna.
Sif Muna was pleased with you.
You visited 2 branches of the dungeon, and saw 11 of its levels.

You collected 443 gold pieces.

Inventory:

Hand Weapons
 d - a +0 dagger
 q - a +3 dagger of venom (weapon)
 D - the +5 trident of Dissent {spect, *Rage +Blink rC+++ SInv}
   (You found it on level 6 of the Dungeon)

   rC:        It renders you almost immune to cold.
   SInv:      It lets you see invisible.
   +Blink:    It lets you blink.
   *Rage:     It berserks you when you make melee attacks (+20% chance).
Armour
 E - +0 steam dragon scales
 H - a +0 robe of fire resistance (worn)
Magical Staves
 k - a staff of conjuration
Jewellery
 e - a +5 ring of evasion (left hand)
 f - an amulet of the acrobat (around neck)
 l - an amulet of regeneration
 m - the ring "Ygiet" (right hand) {Will+ rCorr Int+6 Stlth+}
   (You acquired it on level 5 of the Dungeon)

   [ring of intelligence]

   Int:       It affects your intelligence (+6).
   rCorr:     It protects you from acid and corrosion.
   Will:      It increases your willpower.
   Stlth:     It makes you more stealthy.
 t - a ring of protection from fire
 x - an amulet of faith
 z - an amulet of reflection
 A - an amulet of guardian spirit
 G - a ring of protection from fire
 L - a +6 ring of intelligence
 M - a ring of willpower
Wands
 a - a wand of flame (3)
 j - a wand of charming (9)
 I - a wand of digging (4)
 N - a wand of mindburst (3)
Scrolls
 i - 2 scrolls of immolation
 n - 5 scrolls of amnesia
 v - 3 scrolls of enchant weapon
 y - 5 scrolls of teleportation
 B - a scroll of blinking {unknown}
 F - a scroll of vulnerability {unknown}
 J - 2 scrolls of noise {unknown}
 K - a scroll of magic mapping
Potions
 b - a potion of magic
 c - 2 potions of flight {unknown}
 g - 2 potions of attraction {unknown}
 h - a potion of might {unknown}
 o - 2 potions of haste {unknown}
 p - 2 potions of curing
 r - 2 potions of degeneration {unknown}
 s - a potion of lignification {unknown}
 u - a potion of cancellation {unknown}
 w - 2 potions of resistance {unknown}
 C - a potion of heal wounds {unknown}


   Skills:
 + Level 5.1 Fighting
 + Level 6.0 Short Blades
 + Level 8.6 Dodging
 + Level 10.1 Stealth
 + Level 7.9 Spellcasting
 - Level 2.0 Conjurations
 + Level 6.4 Transmutations
 + Level 8.2 Earth Magic


You had 20 spell levels left.
You knew the following spells:

 Your Spells              Type           Power      Damage    Failure   Level
a - Sandblast             Erth           100%       2d20      1%          1
b - Petrify               Tmut/Erth      48%        N/A       2%          4

Your spell library contained the following spells:

 Spells                   Type           Power      Damage    Failure   Level
 Sting                    Tmut/Pois      100%       1d8       1%          1
 Passwall                 Tmut/Erth      40%        N/A       1%          2
 Stone Arrow              Conj/Erth      72%        3d11      2%          3
 Poisonous Vapours        Pois/Air       20%        N/A       9%          2
 Animate Armour           Summ/Erth      62%        N/A       11%         4
 Olgreb's Toxic Radiance  Pois           10%        N/A       50%         4
 Lehudib's Crystal Spear  Conj/Erth      18%        10d5      100%        8


Dungeon Overview and Level Annotations

Branches:
Dungeon (10/15)            Temple (1/1) D:6
   Lair: D:8-11         Orc: D:9-12

Altars:
Ashenzari
Cheibriados
Dithmenos
Elyvilon
Fedhas
Gozag
Hepliaklqana
Kikubaaqudgha
Makhleb
Nemelex Xobeh
Okawaru
Qazlal
Ru
Sif Muna
Trog
Uskayaw
Vehumet
Wu Jian
Xom
Yredelemnul
Zin
The Shining One

Annotations:
D:4 4 runed translucent doors, Crazy Yiuf; benitares's ghost, amateur OgFi
D:9 Majang's ghost, journeyman MeFi


Innate Abilities, Weirdness & Mutations

You are very small and have problems with some larger weapons.
You are too small for most types of armour.
You have supernaturally acute eyesight. (SInv)
You cover ground extremely quickly. (Speed+++)


Message History

The vampire mosquito draws strength from your injuries!
There is a stone staircase leading up here.
The vampire mosquito completely misses you.
The vampire mosquito misses you.
You climb upwards.
Level annotation: Majang's ghost, journeyman MeFi
There is a stone staircase leading down here.
Casting: Sandblast (safe; 1% risk of failure)
Confirm with . or Enter, or press ? or * to list all spells.
Aiming: Petrify (dangerous; 2% risk of failure)
Press: ? - help, Shift-Dir - straight line, f - vampire mosquito
Aim: a vampire mosquito (chance to affect: 71%)
The vampire mosquito is moving more slowly.
The vampire mosquito barely misses you. The vampire mosquito misses you.
The vampire mosquito bites you!
The vampire mosquito draws strength from your injuries!
Casting: Petrify (dangerous; 2% risk of failure)
Confirm with . or Enter, or press ? or * to list all spells.
Aiming: Petrify (dangerous; 2% risk of failure)
Press: ? - help, Shift-Dir - straight line, f/p - vampire mosquito
Aim: a vampire mosquito (petrifying slowly, chance to affect: 71%)
You miscast Petrify.
You are very lightly contaminated with residual magic.
Nothing appears to happen.
The vampire mosquito completely misses you.
The vampire mosquito bites you.
The vampire mosquito draws strength from your injuries!
You hit the vampire mosquito.
The vampire mosquito is lightly damaged.
The vampire mosquito bites you.
* * * LOW HITPOINT WARNING * * *
The vampire mosquito draws strength from your injuries!
The vampire mosquito completely misses you.
Okay, then.
The vampire mosquito stops moving altogether!
There is a stone staircase leading up here.
Your magical contamination has completely faded away.
There is a stone staircase leading up here.
The +0 flail of chaos hits you!!
You die...

#............#'#######.
#.#.#.#.#.#.#........##
##.....................
##.#.#.#.#.#..........
#.....................
##[#.#.#.#.#..........
#.......).......######
##.#(#.#.#.######....+
#...<@...............#
##.#.#.#.#.#.........#
####.......+........'
#.......#........#
#.......##########
#.................
#...........######
#...........#
#...........#


You could see a +0 flail of chaos.

Vanquished Creatures
  A two-headed ogre (D:9)
  A manticore (D:8)
  Grinder (D:4)
  13 yaks
  2 wyverns (D:9)
  3 steam dragons
  Edmund (D:5)
  An acid dragon (D:9)
  3 black bears
  6 ice beasts
  2 orc warriors
  An ogre (D:5)
  4 centaurs
  A phantom (D:4)
  3 kobold brigands
  11 bullfrogs
  A scorpion (D:7)
  A gnoll sergeant (D:5)
  4 killer bees
  A howler monkey (D:2)
  2 electric eels (D:7)
  2 jellies (D:5)
  A gnoll bouda (D:9)
  8 orc priests
  6 hounds
  An iguana (D:7)
  12 orc wizards
  Ijyb (D:5)
  10 gnolls
  7 adders
  A shadow imp (D:6)
  2 white imps
  3 ufetubi
  3 worms
  2 dart slugs (D:2)
  20 orcs
  5 bats
  11 endoplasms
  3 giant cockroaches (D:2)
  6 hobgoblins (D:1)
  11 jackals (D:1)
  16 kobolds
  A quokka (D:1)
  10 ball pythons
  6 frilled lizards
  6 goblins
  4 rats
221 creatures vanquished.

Vanquished Creatures (others)
  10 plants (D:7)
10 creatures vanquished.

Grand Total: 231 creatures vanquished

Notes
Turn   | Place    | Note
-------+----------+-------------------------------------------
     0 | D:1      | DryNick the Spriggan Earth Elementalist began the quest for
                  | the Orb.
     0 | D:1      | Reached XP level 1. HP: 9/9 MP: 5/5
   146 | D:1      | Reached XP level 2. HP: 12/13 MP: 1/6
   635 | D:1      | Reached XP level 3. HP: 16/17 MP: 6/8
  1172 | D:2      | Reached skill level 1 in Fighting
  1213 | D:2      | Reached XP level 4. HP: 15/22 MP: 6/10
  1379 | D:2      | Reached skill level 4 in Stealth
  1859 | D:3      | Reached XP level 5. HP: 8/25 MP: 8/11
  1932 | D:3      | Found a faded altar of an unknown god.
  2099 | D:3      | Found a glowing golden altar of the Shining One.
  2387 | D:3      | Noticed a fire elemental
  2389 | D:3      | Found a stormy altar of Qazlal.
  2391 | D:3      | Noticed a water elemental
  2391 | D:3      | Noticed an air elemental
  2649 | D:4      | Found a runed translucent gate.
  2650 | D:4      | Found a runed translucent gate.
  2650 | D:4      | Identified the +10 mace "Zawk" {heavy, rPois Will+}
  2650 | D:4      | Identified the +0 scale mail of Yqyt {rElec rCorr}
  2651 | D:4      | Found a runed translucent gate.
  2652 | D:4      | Noticed benitares's ghost (amateur OgFi)
  2655 | D:4      | Identified the +0 chain mail of Impish Awe {rF+ Str+3}
  2655 | D:4      | Noticed an orc warrior
  2793 | D:4      | Noticed Grinder
  2806 | D:4      | Paralysed by Grinder for 3 turns
  2813 | D:4      | Paralysed by Grinder for 3 turns
  3446 | D:4      | Noticed a phantom
  3706 | D:4      | Found a radiant altar of Vehumet.
  3746 | D:4      | Reached XP level 6. HP: 30/30 MP: 10/12
  3784 | D:4      | Killed Grinder
  3785 | D:4      | Reached skill level 1 in Short Blades
  3785 | D:4      | Reached skill level 5 in Stealth
  3894 | D:4      | Reached skill level 1 in Conjurations
  3894 | D:4      | Reached XP level 7. HP: 35/35 MP: 10/14
  3943 | D:4      | Found a broken altar of Ashenzari.
  3988 | D:4      | Found a hazy altar of Hepliaklqana.
  4098 | D:4      | Found a runed translucent door.
  4099 | D:4      | Noticed Crazy Yiuf
  4415 | D:5      | Entered Level 5 of the Dungeon
  4489 | D:5      | Noticed Edmund
  4579 | D:5      | Killed Edmund
  4712 | D:5      | Identified a scroll of acquirement
  4721 | D:5      | Acquired the ring "Ygiet" {Will+ rCorr Int+6 Stlth+}
  4851 | D:5      | Found a blossoming altar of Fedhas.
  4907 | D:5      | Reached skill level 5 in Dodging
  4907 | D:5      | Reached skill level 5 in Earth Magic
  4971 | D:5      | Reached XP level 8. HP: 36/39 MP: 13/16
  5009 | D:5      | Found a burning altar of Makhleb.
  5048 | D:5      | Reached skill level 6 in Stealth
  5420 | D:5      | Noticed Ijyb
  5435 | D:5      | Killed Ijyb
  5644 | D:6      | Identified the +5 trident of Dissent {spect, *Rage +Blink
                  | rC+++ SInv}
  5793 | D:6      | Found a sacrificial altar of Ru.
  5804 | D:6      | Reached skill level 5 in Spellcasting
  6056 | D:6      | Found a staircase to the Ecumenical Temple.
  6061 | Temple   | Entered the Ecumenical Temple
  6061 | Temple   | Found a transporter.
  6061 | Temple   | Found a transporter.
  6063 | Temple   | Found a transporter.
  6063 | Temple   | Found a transporter.
  6108 | Temple   | Became a worshipper of Sif Muna the Loreminder
  6430 | D:6      | Reached XP level 9. HP: 31/44 MP: 9/18
  6516 | D:6      | Reached skill level 7 in Stealth
  6926 | D:7      | Reached skill level 5 in Transmutations
  7106 | D:7      | Reached * piety under Sif Muna
  7284 | D:7      | Reached skill level 8 in Stealth
  7586 | D:7      | Learned a level 4 spell: Petrify
  7754 | D:7      | Found a snail-covered altar of Cheibriados.
  8066 | D:7      | Found a glowing silver altar of Zin.
  8207 | D:8      | Reached XP level 10. HP: 49/50 MP: 14/21
  8217 | D:8      | Reached skill level 5 in Short Blades
  8396 | D:8      | Found a sparkling altar of Nemelex Xobeh.
  8491 | D:8      | Reached skill level 9 in Stealth
  8589 | D:8      | Noticed a manticore
  8626 | D:8      | Killed a manticore
  8766 | D:8      | Reached ** piety under Sif Muna
  9084 | D:8      | Found a shadowy altar of Dithmenos.
  9315 | D:9      | Found an opulent altar of Gozag.
  9593 | D:9      | Reached skill level 5 in Fighting
  9747 | D:9      | Noticed a two-headed ogre
  9750 | D:9      | Found a hide-covered altar of Uskayaw.
  9754 | D:9      | Killed a two-headed ogre
  9755 | D:9      | Reached skill level 10 in Stealth
  9800 | D:9      | Reached XP level 11. HP: 50/55 MP: 19/23
  9860 | D:9      | Found a runed translucent door.
  9860 | D:9      | Found a shimmering altar of Xom.
  9860 | D:9      | Noticed Majang's ghost (journeyman MeFi)
  9861 | D:9      | Noticed a +0 flail of chaos
 10722 | D:10     | Entered Level 10 of the Dungeon
 10788 | D:9      | Slain by a +0 flail of chaos

Illustrated notes

Levels and vault maps discovered:
D:1:      dpeg_arrival_morbid_curiosity, layout_basic, minmay_tree_intersection,
          minmay_shallow_snake_nest
D:2:      layout_rooms
D:3:      layout_loops_cross, nicolae_overflow_crystal_walls,
          nicolae_qazlal_style_of_elements,
          hellmonk_ecumenical_altar_heavens_door
D:4:      layout_gridville, vehumet_crystals, mainiacjoe_overflow_alcove_4,
          worldfamousw_hep_ancestral_shrine, biasface_ghost_orc_armoury,
          uniq_crazy_yiuf_cottage, uniq_grinder
D:5:      layout_loops_corners, fedhas_bush_and_centaur_altar,
          old_standard_altar, uniq_edmund, uniq_ijyb
D:6:      minmay_flawed_box, layout_gridville,
          mainiacjoe_overflow_six_doors_small, temple_doors_ab,
          minmay_misc_feat_doors, corner_web_ring
D:7:      layout_basic, zin_statuary, slow_altar_1, serial_bayou,
          serial_bayou_pond_a, serial_bayou_lake_a, serial_bayou_pond_d,
          serial_bayou_pond_e
D:8:      layout_cave_pools, mainiacjoe_overflow_catwalk, lemuel_tele_altar
D:9:      minmay_octagon_keep, layout_irregular_city, old_standard_altar,
          nicolae_uskayaw_dance_hall, ebering_ghost_xom, st_stairs_10
D:10:     layout_cave_pools, amcnicky_altar_gilded, hellmonk_lair_entry_icy,
          serial_shops, nicolae_shop_hallway_plus, minivault_24,
          nicolae_elemental_shop
Temple:   hellmonk_temple_divided_pantheon

Skill      XL: |  1  2  3  4  5  6  7  8  9 10 |
---------------+-------------------------------+-----
Dodging        | 3 4 5 6 7 8 |  8.6
Earth Magic    | 3 4 5 6 7 8 |  8.2
Spellcasting   | 3 4 5 6 7 |  7.9
Fighting       | 1 2 3 4 5 |  5.1
Stealth        | 4 5 6 8 10 | 10.1
Short Blades   | 1 2 3 4 6 |  6.0
Transmutations | 2 3 4 5 6 |  6.4
Conjurations   | 1 2 |  2.0

Action                     |  1- 3 |  4- 6 |  7- 9 | 10-12 || total
---------------------------+-------+-------+-------+-------++-------
  Melee: Unarmed           |     9 |       |       |       ||     9
         Dagger            |    12 |    30 |    88 |    33 ||   163
         Punch             |       |     1 |     2 |       ||     3
   Cast: Sandblast         |    54 |    76 |   132 |    95 ||   357
         Petrify           |       |       |     1 |     5 ||     6
    Use: Scroll            |       |     8 |     2 |       ||    10
         Potion            |       |       |       |     2 ||     2
   Stab: Sleeping          |     9 |     6 |    19 |     6 ||    40
         Petrifying        |       |       |     1 |     2 ||     3
         Distracted        |       |       |     1 |       ||     1
         Petrified         |       |       |       |     3 ||     3
 Armour: Robe              |     5 |     5 |     6 |     1 ||    17
  Dodge: Dodged            |    49 |    80 |   140 |   144 ||   413

Table legend: (Time is in decaauts)
 A = Elapsed time spent in this place.
 B = Non-inter-level travel time spent in this place.
 C = Inter-level travel time spent in this place.
 D = Time resting spent in this place.
 E = Time spent auto-exploring this place.
 F = Levels seen in this place.
 G = Mean time per level.
                   A        B        C        D        E       F      G
               +--------+--------+--------+--------+--------+-----+--------+
         Total |   8300 |   8017 |    283 |    852 |   5281 |  11 |  754.5 |
       Dungeon |   8254 |   7971 |    283 |    852 |   5277 |  10 |  825.4 |
        Temple |     46 |     46 |      0 |      0 |      4 |   1 |   46.0 |
               +--------+--------+--------+--------+--------+-----+--------+

Top non-repeatable levels by time:
     D:3: 1125 daAuts
     D:9: 1111 daAuts
     D:7: 1089 daAuts
     D:1: 891 daAuts
     D:6: 882 daAuts
     D:8: 856 daAuts
     D:5: 852 daAuts
     D:4: 843 daAuts
     D:2: 573 daAuts
  Temple: 46 daAuts
    D:10: 28 daAuts
